Cogmind - Beta 15 @@@ ROGUE MODE // 2025.08.02 @ 13:18:38 Player: Minty Result: Destroyed by G-67 Veteran with Field Laser Performance ------------- Evolutions (7) 3500 Regions Visited (12) 2400 Robots Destroyed (217) 1085 Value Destroyed (9526) 9526 Prototype IDs (30) 600 Alien Tech Used (0) 0 Bonus (3590) 3590 TOTAL SCORE: 20701 Bonus ------- High Alert Combat Kills 398 Follower Combat Kills 150 Met Warlord at Base 500 MAIN.C Attacked Warlord 500 Warlord Defense Kills 2042 Cogmind --------- Core Integrity 0/1300 Matter 253/300 Energy 87/100 System Corruption 0% Temperature Cool (0) Movement Core (50) Location -3/Research Parts ------- > --- POWER (2) -------- (None) > --- PROPULSION (5) --- (None) > --- UTILITY (9) ------ Advanced Targeting Computer Advanced Targeting Computer Core Analyzer > --- WEAPON (5) ------- (None) > --- INVENTORY (5) ---- F-cell Engine F-cell Engine Cooled Plasma Rifle Improved Matter Neutralizer Railgun Peak State ------------ > --- POWER ------------ Cooled Fission Core Hybrid Antimatter Reactor > --- PROPULSION ------- Medium Treads Spiked Medium Treads Biometal Medium Treads Advanced Heavy Treads > --- UTILITY ---------- Advanced Heat Sink Large Storage Unit 0b10 Decoder Chip [Skirmisher] Advanced Targeting Computer Advanced Targeting Computer Core Analyzer Advanced Weapon Cycler Advanced Shield Generator Improved Field Recycling Unit > --- WEAPON ----------- Heavy Battle Rifle Makeshift Shrapnel Gun Heavy Machine Gun RU-N14's Throwing Claymores v3 > --- INVENTORY -------- F-cell Engine F-cell Engine F-cell Engine Advanced Power Amplifier Matter Filter Compact Tesla Bomb Launcher Rocket Array Rocket Array Rocket Array Chain Missile Launcher RU-N14's Throwing Claymores v3 RU-N14's Throwing Claymores v3 Axe [Rating: 117] Favorites ----------- Power F-cell Engine Engine F-cell Engine Power Core Cooled Fission Core Reactor Hybrid Antimatter Reactor Propulsion Spiked Medium Treads Treads Spiked Medium Treads Leg Aluminum Leg Wheel Wheel Hover Unit Improved Gyrokinetic Inverter Flight Unit Q-thruster Utility Advanced Targeting Computer Device Advanced Heat Sink Storage Large Storage Unit Processor Advanced Targeting Computer Hackware Hacking Suite Protection Hardened Light Armor Plating Weapon KE Penetrator Energy Gun Cooled Pulse Rifle Energy Cannon Improved Matter Neutralizer Ballistic Gun KE Penetrator Ballistic Cannon Improved Light Cannon Launcher Rocket Array Special Weapon RU-N14's Throwing Claymores v3 Build | -11 -10 -9 -8 -7 -6 -5 -4 -4 -4 -4 -3 -3 ------- Run | Yrd Mat Mat Mat Fac Fac Fac Fac Upp Upp War Pro Res Slots Evolved 14 | . . 2 2 2 2 2 2 . . . . 2 Power 1 | . . . . . . . 1 . . . . . Propulsion 3 | . . . 1 . . 1 . . . . . 1 Utility 7 | . . 1 1 . 2 1 1 . . . . 1 Weapon 3 | . . 1 . 2 . . . . . . . . Parts Attached 124 | . 8 15 20 21 13 11 5 . . 10 6 15 Power 15 | . 1 3 1 2 3 1 1 . . 2 . 1 Engine 11 | . 1 2 1 1 3 1 1 . . . . 1 Core 3 | . . 1 . 1 . . . . . 1 . . Reactor 1 | . . . . . . . . . . 1 . . Propulsion 30 | . 2 3 4 8 1 2 1 . . 2 2 5 Treads 21 | . 2 3 . 7 1 2 1 . . 2 . 3 Leg 5 | . . . 3 1 . . . . . . . 1 Wheel 1 | . . . 1 . . . . . . . . . Hover 1 | . . . . . . . . . . . . 1 Flight 2 | . . . . . . . . . . . 2 . Utility 32 | . 3 3 8 4 5 3 2 . . . 1 3 Device 13 | . . . 4 1 3 2 2 . . . . 1 Storage 1 | . 1 . . . . . . . . . . . Processor 8 | . 1 . 1 2 2 1 . . . . 1 . Hackware 1 | . . . . 1 . . . . . . . . Protection 9 | . 1 3 3 . . . . . . . . 2 Artifact . | . . . . . . . . . . . . . Weapon 47 | . 2 6 7 7 4 5 1 . . 6 3 6 Energy Gun 9 | . . 3 . 4 . . . . . 2 . . Energy Cannon 1 | . . . . . . . . . . . . 1 Ballistic Gun 23 | . 2 1 5 2 3 5 . . . . 3 2 Ballistic Cannon 2 | . . 2 . . . . . . . . . . Launcher 8 | . . . 2 1 1 . 1 . . 3 . . Special Weapon 4 | . . . . . . . . . . 1 . 3 Impact Weapon . | . . . . . . . . . . . . . Slashing Weapon . | . . . . . . . . . . . . . Piercing Weapon . | . . . . . . . . . . . . . Special Melee Weapon . | . . . . . . . . . . . . . Unidentified Prototypes 12 | . . 2 . 2 1 . 1 . . 4 . 2 Parts Lost 42 | . . . 8 . 5 . . . . 5 1 23 Power 3 | . . . . . . . . . . . . 3 Propulsion 13 | . . . 3 . 2 . . . . . 1 7 Utility 10 | . . . 2 . . . . . . 2 . 6 Weapon 16 | . . . 3 . 3 . . . . 3 . 7 Highest Loss Streak 19 | . . . 3 . 1 . . . . 3 1 19 To Critical Strikes . | . . . . . . . . . . . . . Average Backups 14 | 6 7 13 14 14 14 14 14 15 15 14 13 11 Power 2 | 1 2 3 3 2 3 3 2 3 3 2 3 2 Propulsion . | 4 3 1 . 1 1 . . . . . . . Utility 4 | . . 3 5 6 6 5 6 7 7 5 1 . Weapon 5 | 1 . 5 4 3 3 5 5 5 5 6 9 7 Tool/Special . | . . . . . . . . . . . . . Unused Backups 45 | . 5 18 1 8 3 . 1 . . 3 . 6 Power 8 | . 1 3 . 1 1 . . . . . . 2 Propulsion 13 | . 2 11 . . . . . . . . . . Utility 12 | . 1 . . 3 2 . 1 . . 3 . 2 Weapon 11 | . 1 4 1 3 . . . . . . . 2 Tool/Special 1 | . . . . 1 . . . . . . . . Average Slot Usage (%) 93 | . 92 98 87 99 91 97 96 94 94 93 93 67 Engine 5 | . 13 6 5 4 6 5 8 10 10 6 . . Core 1 | . . 4 3 2 . . . . . . 5 3 Reactor 1 | . . . . . . . . . . 3 5 2 Treads 15 | . 9 22 9 19 19 20 20 15 15 15 10 11 Leg 1 | . 16 . 7 2 . . . . . . . . Device 12 | . . . 8 7 9 16 19 21 21 20 14 12 Storage 6 | . 14 11 9 7 6 5 5 5 5 5 5 3 Processor 12 | . 7 . 1 8 23 17 15 15 15 15 19 17 Protection 3 | . 3 21 14 . . . . . . . . . Energy Gun 3 | . . 8 . 7 13 5 . . . . 3 . Ballistic Gun 21 | . 25 9 24 29 10 22 25 26 25 25 17 10 Ballistic Cannon 1 | . . 15 1 . . . . . . . . . Peak Build Rating 117 | 6 7 19 26 46 56 87 107 107 109 112 108 117 Average Rating 69 | 6 6 17 24 40 51 76 97 107 107 108 100 83 On Entrance 60 | 6 6 7 19 26 46 53 87 107 107 107 106 108 Naked Turns . | . . . . . . . . . . . . . Heaviest Build 98 | 13 29 49 60 48 54 65 85 85 85 98 89 86 Greatest Support 161 | 20 40 40 40 66 72 107 127 127 127 127 126 161 Greatest Overweight (x) 8 | . 8 2 3 4 . 1 . . . . 1 1 Average Overweight (x) . | . . . 1 . . . . . . . . . Largest Inventory Capacity 15 | 8 15 15 15 15 15 15 15 15 15 15 15 15 Average Capacity 14 | 8 11 15 15 15 15 15 15 15 15 15 15 12 Most Carried 15 | 6 8 15 15 15 15 15 15 15 15 15 15 15 Average Carried 14 | 6 7 13 14 14 14 14 14 15 15 14 14 12 Final Capacity 15 | 8 15 15 15 15 15 15 15 15 15 15 15 5 Final Carried 15 | 6 7 15 15 15 15 15 15 15 15 12 15 5 Class Distribution -------------------- 56% | Gunner 17% | Tank 9% | Derelict-Gunner 9% | Scavenger-Gunner 6% | Mutant Dominant Class ---------------- Mutant | -10/Materials Tank | -9/Materials Tank | -8/Materials Gunner | -7/Factory Gunner | -6/Factory Gunner | -5/Factory Gunner | -4/Factory Gunner | -4/Upper Caves Gunner | -4/Upper Caves Gunner | -4/Warlord Derelict-Gunner | -3/Proximity Caves Scavenger-Gunner | -3/Research Resources | -11 -10 -9 -8 -7 -6 -5 -4 -4 -4 -4 -3 -3 ----------- Run | Yrd Mat Mat Mat Fac Fac Fac Fac Upp Upp War Pro Res Matter Collected 6454 | 196 120 619 970 965 442 383 914 202 392 318 355 578 Remotely . | . . . . . . . . . . . . . Salvage Created 9310 | . 170 821 919 1642 1077 334 1171 529 906 405 219 1117 Parts 428 | . 12 62 50 89 50 17 45 13 32 17 8 33 Haulers Intercepted 5 | . 1 2 . 1 1 . . . . . . . Recyclers Shooed 5 | . . 1 . 2 . . 1 . . . . 1 Parts Field Recycled 2 | . . . 1 . . . . . . . 1 . Retrieved Matter 8 | . . . 7 . . . . . . . 1 . Parts Self-Destructed 48 | . . . . . . . . 16 26 . 6 . Prevented 12 | . . . . . . . . . 12 . . . Kills | -11 -10 -9 -8 -7 -6 -5 -4 -4 -4 -4 -3 -3 ------- Run | Yrd Mat Mat Mat Fac Fac Fac Fac Upp Upp War Pro Res Combat Hostiles Destroyed 165 | . 3 12 17 21 22 8 11 11 9 15 9 27 Melee 1 | . . . . . . 1 . . . . . . Guns 94 | . 3 3 11 21 7 6 11 4 8 4 4 12 Cannons 13 | . . 8 3 . . . . . . . . 2 AOE 56 | . . 1 3 . 14 1 . 7 1 11 5 13 Classes Destroyed 23 | . 2 5 1 5 1 . 2 1 2 3 1 . Worker 12 | . . 4 3 2 . . . . . . . 3 Builder 16 | . . 3 1 4 1 1 2 . . . . 4 Tunneler 2 | . . . . 1 1 . . . . . . . Hauler 5 | . 1 2 . 1 1 . . . . . . . Recycler 12 | . . 2 1 5 1 . 1 . . . . 2 Minesweeper 1 | . . . . . . . . . 1 . . . Mechanic 1 | . . . . . . . 1 . . . . . Operator 1 | . . . . . . . 1 . . . . . Watcher 6 | . . 1 1 . . 2 . . . . . 2 Swarmer 19 | . . . . . 7 4 . 2 . . 2 4 Saboteur 3 | . . . . . . . . . . 2 . 1 Grunt 89 | . 3 8 14 12 10 3 8 5 5 7 . 14 Brawler 4 | . . . . . . . . 1 1 1 . 1 Duelist 6 | . . . . 1 . 1 . 2 1 1 . . Sentry 15 | . . 4 1 1 2 . 1 1 1 . . 4 Specialist 5 | . . . . 2 . . . . . 1 . 2 Hunter 8 | . . . 2 1 1 . 2 . 2 . . . Programmer 7 | . . . . 3 2 . . . . . 2 . Heavy 2 | . . . . 1 . . . . . . . 1 Behemoth 1 | . . . . . . . . . . 1 . . Striker 2 | . . . . . . . . . . 2 . . Decomposer 1 | . . . . . . . . 1 . . . . Samaritan 2 | . . . . . . . . . 1 . 1 . Assembled 5 | . . . . . . . . . . . 5 . Best Kill Streak 26 | . 3 4 4 7 7 7 10 9 4 10 5 26 Combat Bots Only 10 | . 3 3 3 4 6 4 8 9 4 10 5 10 Max Kills in Single Turn 5 | . 1 3 1 2 5 2 3 4 2 4 4 5 Gunslinging 1 | . . . . . . . 1 . 1 1 . . Exploded 5 | . . 1 1 . 5 1 . 4 1 4 4 3 Melee 1 | . . . . . . 1 . . . . . . Uniques/NPCs Destroyed . | . . . . . . . . . . . . . Combat | -11 -10 -9 -8 -7 -6 -5 -4 -4 -4 -4 -3 -3 -------- Run | Yrd Mat Mat Mat Fac Fac Fac Fac Upp Upp War Pro Res Hostile Shots Fired 909 | . 26 52 113 80 113 15 90 24 29 69 26 272 Missed 330 | . 15 13 31 27 50 4 34 14 17 20 11 94 Hits 579 | . 11 39 82 53 63 11 56 10 12 49 15 178 Melee 21 | . . . . 1 . 3 . . 3 10 3 1 Projectile 558 | . 11 39 82 52 63 8 56 10 9 39 12 177 Critical Strikes 29 | . . 1 3 2 2 3 3 1 . 3 3 8 Damage Taken 10474 | . 146 550 1523 821 940 259 831 132 160 1457 348 3307 Core 1956 | . 83 25 148 95 36 37 74 . . 96 59 1303 Absorbed by Shields 1066 | . . . . . . . 37 46 57 526 130 270 Reduced by Siege Mode 9 | . . . . . . . . . . . . 9 Redirected to Shielding 29 | . . . . . . . . . . . . 29 Ignored by Resistances 411 | . . . . . . 30 274 38 33 36 . . Regen/Repaired (Parts) 313 | . . . . 64 . . . . . 65 . 184 Core Remaining (%) 86 | 100 66 93 73 86 95 96 . . . . 80 . Volleys Fired 313 | . 16 26 61 51 29 11 28 9 21 10 14 37 Largest 5 | . 2 3 3 5 5 5 5 5 5 5 4 5 Hottest 283 | . 40 146 112 199 176 149 169 169 169 283 114 160 Shots Fired 1024 | . 32 73 177 248 94 47 94 30 81 37 30 81 Gun 918 | . 32 37 153 248 87 45 94 28 76 29 27 62 Cannon 56 | . . 36 19 . . . . . . . . 1 Launcher 35 | . . . 5 . 7 2 . 2 5 8 3 3 Special 15 | . . . . . . . . . . . . 15 Kinetic 826 | . 32 49 170 198 40 36 93 28 76 27 19 58 Thermal 92 | . . 8 2 24 47 9 1 . . . . 1 Explosive 45 | . . . 5 . 7 2 . 2 . 8 3 18 Electromagnetic 47 | . . 16 . 26 . . . . 5 . . . Entropic 14 | . . . . . . . . . . 2 8 4 Robot Hit Streak 32 | . 6 7 13 17 32 14 13 8 13 19 10 20 Robot Miss Streak 4 | . 3 4 3 4 2 2 4 3 2 3 2 3 Penetration Max 3 | . . . . 1 1 1 3 1 . 2 . . Secondary Targets 26 | . 1 1 5 2 2 . 3 2 3 2 1 4 Max Gunslinging Chain 1 | . 1 1 1 1 1 . 1 1 1 1 1 1 Shots Hit Robots 682 | . 22 42 120 146 74 22 74 20 50 26 21 65 Core Hits 574 | . 12 38 52 62 70 16 38 51 26 81 29 99 Critical Kills 14 | . . . . . . . 8 1 5 . . . Critical Parts Destroyed 25 | . 1 . . 1 1 . 12 1 3 3 2 1 Critical Strikes 50 | . 1 2 1 3 2 3 20 2 9 3 2 2 Burn 5 | . . . . 1 1 3 . . . . . . Destroy 37 | . 1 . . 1 1 . 20 2 9 2 1 . Blast 3 | . . 2 1 . . . . . . . . . Corrupt 1 | . . . . 1 . . . . . . . . Sever 1 | . . . . . . . . . . . . 1 Detonate 3 | . . . . . . . . . . 1 1 1 Melee Attacks . | . . . . . . . . . . . . . Impact . | . . . . . . . . . . . . . Slashing . | . . . . . . . . . . . . . Piercing . | . . . . . . . . . . . . . Sneak Attacks . | . . . . . . . . . . . . . Combat Hostiles . | . . . . . . . . . . . . . Follow-up Attacks . | . . . . . . . . . . . . . Damage Inflicted 25702 | . 248 1119 2101 2634 2673 889 1572 1435 1279 4371 1151 6230 Guns 11940 | . 244 414 1533 2557 1370 476 1542 482 1075 554 472 1221 Cannons 723 | . . 418 267 . . . . . . . . 38 Explosions 12290 | . . 241 297 65 1280 412 . 931 193 3807 671 4393 Melee . | . . . . . . . . . . . . . Ramming 180 | . 4 46 4 12 23 1 30 22 11 10 8 9 Kinetic 10169 | . 244 557 1771 1823 547 320 1542 482 1075 485 261 1062 Thermal 2747 | . . 298 29 450 909 329 . . . 359 120 253 Explosive 10838 | . . . 297 . 1194 239 . 931 . 3448 551 4178 Electromagnetic 760 | . . 218 . 349 . . . . 193 . . . Impact . | . . . . . . . . . . . . . Slashing 569 | . . . . . . . . . . . . 569 Piercing . | . . . . . . . . . . . . . Entropic 439 | . . . . . . . . . . 69 211 159 Highest Corruption 4 | . 2 . 2 . 1 . . . . 3 4 . Average Corruption 3 | . 2 . 2 . 1 . . . . 3 3 . Corruption Purged . | . . . . . . . . . . . . . Corruption Blocked . | . . . . . . . . . . . . . Effects 37 | . 5 . 4 . . . . . . 1 27 . Message Errors 9 | . 1 . . . . . . . . . 8 . Matter Fused 10 | . . . 3 . . . . . . 1 6 . Heat Flow Errors 5 | . . . . . . . . . . . 5 . Energy Discharges 3 | . 1 . . . . . . . . . 2 . Parts Rejected 1 | . . . 1 . . . . . . . . . Parts Fused 1 | . 1 . . . . . . . . . . . Data Loss (minor) 4 | . 1 . . . . . . . . . 3 . Data Loss (major) 4 | . 1 . . . . . . . . . 3 . Overload Shots 7 | . . . . 1 6 . . . . . . . Overflow Damage 133 | . . . . . . . . 16 6 3 9 99 Projectiles 3 | . . . . . . . . . . . . 3 Explosions 104 | . . . . . . . . . . 3 5 96 Melee 26 | . . . . . . . . 16 6 . 4 . Knockbacks 4 | . . . 3 . 1 . . . . . . . Impact 1 | . . . . . 1 . . . . . . . Kinetic 3 | . . . 3 . . . . . . . . . Secondary . | . . . . . . . . . . . . . Self-Inflicted Damage 840 | . . 25 11 . 150 36 . . . 312 131 175 Shots 36 | . . 1 1 . 11 2 . . . 11 5 5 Rammed 26 | . . 10 . 3 4 1 4 . 1 1 . 2 Targets Rammed 32 | . 1 10 1 3 4 2 5 1 1 1 1 2 Kicked 2 | . 1 . 1 . . . . . . . . . Crushed 4 | . . . . . . 1 1 1 . . 1 . Highest Temperature 402 | . 15 384 402 128 96 30 117 75 66 53 213 69 Average Temperature 78 | . 8 121 163 34 31 5 40 32 27 19 89 26 Received Heat Transfer 2789 | . 81 240 621 231 195 72 282 36 15 137 . 879 Effects 4 | . . 3 1 . . . . . . . . . Shutdowns 1 | . . . 1 . . . . . . . . . Interference 1 | . . 1 . . . . . . . . . . Matter Decay 1 | . . 1 . . . . . . . . . . Short Circuit 1 | . . 1 . . . . . . . . . . Siege Activations 1 | . . . . . . . . . . . . 1 Total Turns 10 | . . . . . . . . . . . . 10 Longest Duration 10 | . . . . . . . . . . . . 10 Martial Activations . | . . . . . . . . . . . . . Shielding Activations . | . . . . . . . . . . . . . Robots Disrupted . | . . . . . . . . . . . . . Combat Hostiles . | . . . . . . . . . . . . . Robots Corrupted 1 | . . . . . . . . . 1 . . . Combat Hostiles . | . . . . . . . . . . . . . Parts Fried 5 | . . . . . . . . . 5 . . . Impact Corruptions 6 | . . . . . . . . 2 3 . 1 . Robots Melted 1 | . . . . . 1 . . . . . . . Combat Hostiles 1 | . . . . . 1 . . . . . . . Parts Melted 9 | . . . . 2 6 1 . . . . . . Heat Transferred 4273 | . . 398 74 927 1719 618 . . . 250 50 237 Parts Sabotaged 3 | . . . . . . . . . . 2 . 1 Parts Stolen . | . . . . . . . . . . . . . Parts Stripped . | . . . . . . . . . . . . . Power Chain Reactions 5 | . . 3 . 2 . . . . . . . . Alert | -11 -10 -9 -8 -7 -6 -5 -4 -4 -4 -4 -3 -3 ------- Run | Yrd Mat Mat Mat Fac Fac Fac Fac Upp Upp War Pro Res Maximum Alert Level 3 | . . . 1 1 2 2 1 . . . . 3 Low Security (%) 66 | 100 100 100 96 93 32 . 43 . . . . 25 Level 1 24 | . . . 3 6 38 96 56 . . . . 12 Level 2 7 | . . . . . 29 3 . . . . . 47 Level 3 1 | . . . . . . . . . . . . 14 Level 4 . | . . . . . . . . . . . . . Level 5 . | . . . . . . . . . . . . . High Security . | . . . . . . . . . . . . . Max Security . | . . . . . . . . . . . . . Peak Influence 764 | . 55 163 212 254 522 484 299 . . . . 764 Initial 247 | . . 2 32 74 120 247 140 . . . . . Average 175 | . 20 80 132 99 286 306 199 . . . . 402 Influence Increases 5376 | . 161 404 554 625 762 476 320 289 241 300 145 1099 Destroy 0b10 Robot/C 3260 | . 60 240 340 420 440 160 220 260 200 300 80 540 Destroy 0b10 Robot/NC 290 | . 5 60 30 65 20 15 25 . 5 . 10 55 Destroy Leader 582 | . 12 66 92 112 102 24 40 10 20 . 10 94 Allied During Kill 35 | . . . . . . . . 19 16 . . . Successful Hack 95 | . 24 11 . 3 19 38 . . . . . . Select Force Hacks 30 | . . . 30 . . . . . . . . . Disable Machine 225 | . . . 30 15 75 45 15 . . . . 45 Anti-Garrison Action 150 | . . . . . . . . . . . . 150 Destroy Structure 574 | . . 12 32 10 106 194 20 . . . . 200 Lose Combat Pursuer 135 | . 60 15 . . . . . . . . 45 15 Influence Decreases 4677 | . 154 333 468 542 503 695 401 331 306 169 375 400 Entered New Map 1112 | . . 5 46 90 127 259 147 77 32 99 230 . Time Decay 2975 | . 154 328 342 452 326 286 254 254 254 20 135 170 Lost Part 420 | . . . 80 . 50 . . . . 50 10 230 Lost Ally 20 | . . . . . . . . . 20 . . . Purge Threat 150 | . . . . . . 150 . . . . . . Squads Dispatched 36 | . . 1 5 8 9 1 3 . . . . 9 Investigation 13 | . . 1 2 4 4 . 1 . . . . 1 Extermination 8 | . . . . 3 2 1 1 . . . . 1 Reinforcement 8 | . . . 2 1 1 . 1 . . . . 3 Assault 3 | . . . . . 1 . . . . . . 2 Garrison 4 | . . . 1 . 1 . . . . . . 2 Intercept . | . . . . . . . . . . . . . Searches Triggered . | . . . . . . . . . . . . . Construction Impeded 2 | . . . . . 1 . . . . . . 1 Haulers Reinforced . | . . . . . . . . . . . . . Active Scanning Responses . | . . . . . . . . . . . . . Cargo Convoy Interrupts 1 | . . . . 1 . . . . . . . . Stealth | -11 -10 -9 -8 -7 -6 -5 -4 -4 -4 -4 -3 -3 --------- Run | Yrd Mat Mat Mat Fac Fac Fac Fac Upp Upp War Pro Res Distress Signals 9 | . 1 3 1 1 2 . . . . . . 1 Communications Jammed . | . . . . . . . . . . . . . Distress Signals . | . . . . . . . . . . . . . Times Spotted 222 | . 9 20 24 24 26 10 13 13 10 19 11 43 Peak Tracking Total 12 | . 4 5 4 4 5 2 6 9 5 12 5 12 Tactical Retreats 9 | . 4 1 . . . . . . . . 3 1 Traps | -11 -10 -9 -8 -7 -6 -5 -4 -4 -4 -4 -3 -3 ------- Run | Yrd Mat Mat Mat Fac Fac Fac Fac Upp Upp War Pro Res Traps Triggered 7 | . 5 . 1 . . . . . . . . 1 Indirectly . | . . . . . . . . . . . . . Trap Hack Attempts . | . . . . . . . . . . . . . Triggered . | . . . . . . . . . . . . . Disarmed . | . . . . . . . . . . . . . Reprogrammed . | . . . . . . . . . . . . . Reused . | . . . . . . . . . . . . . Traps Extracted . | . . . . . . . . . . . . . Installed . | . . . . . . . . . . . . . Triggered . | . . . . . . . . . . . . . Machines | -11 -10 -9 -8 -7 -6 -5 -4 -4 -4 -4 -3 -3 ---------- Run | Yrd Mat Mat Mat Fac Fac Fac Fac Upp Upp War Pro Res Machines Disabled 17 | . . . 2 1 5 3 1 1 . . . 4 Max in Single Turn 5 | . . . 1 1 5 3 1 1 . . . 1 Garrison Access 2 | . . . 1 . . . . . . . . 1 Machines Repaired . | . . . . . . . . . . . . . Machines Dismantled . | . . . . . . . . . . . . . Machines Sabotaged . | . . . . . . . . . . . . . Overloaded Fab Kills . | . . . . . . . . . . . . . Hacking | -11 -10 -9 -8 -7 -6 -5 -4 -4 -4 -4 -3 -3 --------- Run | Yrd Mat Mat Mat Fac Fac Fac Fac Upp Upp War Pro Res Machines Accessed 34 | . 5 2 3 6 5 5 1 . . 5 . 2 Terminals 16 | . 5 2 1 2 2 4 . . . . . . Fabricators 6 | . . . . 2 2 1 1 . . . . . Repair Stations 2 | . . . . 1 . . . . . . . 1 Recycling Units 2 | . . . . 1 . . . . . . . 1 Scanalyzers 1 | . . . 1 . . . . . . . . . Garrison Access 2 | . . . 1 . 1 . . . . . . . Total Hacks 102 | . 19 7 9 13 14 20 3 . . 13 . 4 Successful 55 | . 9 4 5 4 5 11 3 . . 13 . 1 Failed 47 | . 10 3 4 9 9 9 . . . . . 3 Catastrophic 7 | . . . 1 1 5 . . . . . . . Database Lockouts . | . . . . . . . . . . . . . Manual 37 | . 7 4 3 7 4 9 1 . . . . 2 Terminals 49 | . 19 7 2 4 6 11 . . . . . . Fabricators 25 | . . . . 7 6 9 3 . . . . . Repair Stations 3 | . . . . 1 . . . . . . . 2 Recycling Units 3 | . . . . 1 . . . . . . . 2 Scanalyzers 5 | . . . 5 . . . . . . . . . Garrison Access 4 | . . . 2 . 2 . . . . . . . Terminal Hacks 34 | . 7 4 . . 3 7 . . . 13 . . Record 6 | . . . . . . . . . . 6 . . Part Schematic 1 | . . . . . . 1 . . . . . . Robot Analysis 2 | . 1 1 . . . . . . . . . . Prototype ID Bank 9 | . 1 . . . 1 1 . . . 6 . . Open Door 1 | . . . . . . . . . . 1 . . Terminal Index 2 | . 1 . . . . 1 . . . . . . Alert Level 2 | . . 1 . . . 1 . . . . . . Unreport Threat 1 | . . . . . . 1 . . . . . . Locate Traps 4 | . 1 . . . 1 2 . . . . . . Security Status 1 | . . . . . 1 . . . . . . . Recall Investigation 1 | . . 1 . . . . . . . . . . Hauler Manifests 1 | . 1 . . . . . . . . . . . Registered Components 1 | . 1 . . . . . . . . . . . Zone Layout 2 | . 1 1 . . . . . . . . . . Fabricator Hacks 7 | . . . . 2 2 1 2 . . . . . Network Status 3 | . . . . . 2 1 . . . . . . Load Schematic 2 | . . . . 1 . . 1 . . . . . Build 2 | . . . . 1 . . 1 . . . . . Repair Station Hacks . | . . . . . . . . . . . . . Recycling Unit Hacks 1 | . . . . 1 . . . . . . . . Report Inventory 1 | . . . . 1 . . . . . . . . Scanalyzer 3 | . . . 3 . . . . . . . . . Insert Component 1 | . . . 1 . . . . . . . . . Analyze 2 | . . . 2 . . . . . . . . . Garrison Access Hacks 1 | . . . 1 . . . . . . . . . Seal Access 1 | . . . 1 . . . . . . . . . Unauthorized Hacks 9 | . 2 . 1 1 . 3 1 . . . . 1 Terminals 2 | . 2 . . . . . . . . . . . Botnet 1 | . 1 . . . . . . . . . . . Skim 1 | . 1 . . . . . . . . . . . Fabricators 4 | . . . . . . 3 1 . . . . . Prioritize 1 | . . . . . . . 1 . . . . . Liberate 1 | . . . . . . 1 . . . . . . Fabnet 1 | . . . . . . 1 . . . . . . Haulers 1 | . . . . . . 1 . . . . . . Repair Stations 2 | . . . . 1 . . . . . . . 1 Patch 2 | . . . . 1 . . . . . . . 1 Recycling Units . | . . . . . . . . . . . . . Scanalyzers 1 | . . . 1 . . . . . . . . . Extract 1 | . . . 1 . . . . . . . . . Garrison Access . | . . . . . . . . . . . . . Data Cores Recovered . | . . . . . . . . . . . . . Used . | . . . . . . . . . . . . . Hacking Detections 26 | . 5 2 3 4 5 5 1 . . . . 1 Full Trace Events 12 | . 2 1 1 3 4 . 1 . . . . . Feedback Events . | . . . . . . . . . . . . . Feedback Blocked . | . . . . . . . . . . . . . Robot Schematics Acquired . | . . . . . . . . . . . . . Robots Built . | . . . . . . . . . . . . . Authchips . | . . . . . . . . . . . . . Time . | . . . . . . . . . . . . . Total Robot Build Rating . | . . . . . . . . . . . . . Part Schematics Acquired 4 | . . . 3 . . 1 . . . . . . Parts Built 2 | . . . . 1 . . 1 . . . . . Authchips . | . . . . . . . . . . . . . Time 157 | . . . . 99 . . 58 . . . . . Total Part Build Rating 9 | . . . . 2 . . 7 . . . . . Parts Repaired . | . . . . . . . . . . . . . Time . | . . . . . . . . . . . . . Parts Recycled . | . . . . . . . . . . . . . Recycled Matter . | . . . . . . . . . . . . . Retrieved Matter . | . . . . . . . . . . . . . Retrieved Components . | . . . . . . . . . . . . . Parts Scanalyzed 1 | . . . 1 . . . . . . . . . Part Schematics Acquired 1 | . . . 1 . . . . . . . . . Parts Damaged . | . . . . . . . . . . . . . Bothacking | -11 -10 -9 -8 -7 -6 -5 -4 -4 -4 -4 -3 -3 ------------ Run | Yrd Mat Mat Mat Fac Fac Fac Fac Upp Upp War Pro Res Used RIF Installer . | . . . . . . . . . . . . . Robots Hacked 5 | . . . . . . . . . . 5 . . Non-combat . | . . . . . . . . . . . . . Combat 5 | . . . . . . . . . . 5 . . Robot Hacks Applied . | . . . . . . . . . . . . . Relay Couplers Released 2 | . . . . . . . . . . . . 2 Machine Destruction 2 | . . . . . . . . . . . . 2 Fabnet Peak Effective % 3 | . . . . . . . 3 3 3 3 1 1 Autooverrided 5 | . . . . . . . . . . 5 . . Robots Rewired 2 | . . . . . . . . 2 . . . . Allies Hacked . | . . . . . . . . . . . . . Hacks Repelled . | . . . . . . . . . . . . . Allies | -11 -10 -9 -8 -7 -6 -5 -4 -4 -4 -4 -3 -3 -------- Run | Yrd Mat Mat Mat Fac Fac Fac Fac Upp Upp War Pro Res Total Allies 7 | . . . . . . . . 2 . 5 . . Largest Group 2 | . . . . . . . . 2 2 1 . . Highest-Rated Group 95 | . . . . . . . . 95 90 56 . . Highest-Rated Ally 56 | . . . . . . . . 48 47 56 . . Total Orders . | . . . . . . . . . . . . . Ally Attacks 17 | . . . . . . . . 7 5 5 . . Total Damage 457 | . . . . . . . . 163 186 108 . . Kills 3 | . . . . . . . . 2 1 . . . Allies Corrupted . | . . . . . . . . . . . . . Allies Melted . | . . . . . . . . . . . . . Intel | -11 -10 -9 -8 -7 -6 -5 -4 -4 -4 -4 -3 -3 ------- Run | Yrd Mat Mat Mat Fac Fac Fac Fac Upp Upp War Pro Res Active Infowar (turns) 2099 | . . . . . 357 556 98 . . . 778 310 Traps 1011 | . . . . . 357 556 98 . . . . . Decoding 1088 | . . . . . . . . . . . 778 310 Robot Analysis Total 2 | . 1 1 . . . . . . . . . . Derelict Logs Recovered 2 | . . . . . . . . 1 1 . . . Drone Launches . | . . . . . . . . . . . . . Drone Recoveries . | . . . . . . . . . . . . . Decoded 0b10 Intel 8 | . . . . . . . . . . . . 8 Garrisons 1 | . . . . . . . . . . . . 1 Patrols 4 | . . . . . . . . . . . . 4 Investigations 1 | . . . . . . . . . . . . 1 Reinforcements 1 | . . . . . . . . . . . . 1 Guards 1 | . . . . . . . . . . . . 1 Exploration | -11 -10 -9 -8 -7 -6 -5 -4 -4 -4 -4 -3 -3 ------------- Run | Yrd Mat Mat Mat Fac Fac Fac Fac Upp Upp War Pro Res Turns Passed 9161 | 2 383 933 778 1136 739 633 557 544 583 1330 1146 397 Spaces Moved 4319 | 2 219 333 238 555 371 333 251 290 300 741 457 229 Core 75 | . 1 . . . . . . . . . . 74 Treads 3834 | . 78 333 99 469 371 333 251 290 300 741 457 112 Legs 236 | 2 140 . 68 26 . . . . . . . . Wheels 131 | . . . 71 60 . . . . . . . . Hover . | . . . . . . . . . . . . . Flight 43 | . . . . . . . . . . . . 43 Fastest Speed 40 | 120 120 160 125 140 153 165 165 170 170 166 166 40 Average Speed 174 | 120 140 228 216 148 158 165 165 170 170 166 237 106 Slowest Speed 450 | 120 450 320 330 305 170 245 170 170 170 170 260 260 Overloaded Moves . | . . . . . . . . . . . . . Propulsion Burnouts . | . . . . . . . . . . . . . Robots Hopped 4 | . . . . . . . . . . . . 4 Potential Cave-ins 3 | . . . . . . . . . . 3 . . Cave-ins Triggered 1 | . . . . . . . . . . 1 . . Exploration Rate (%) 33 | 2 48 36 28 19 14 11 6 56 49 88 68 10 Regions Visited 12 Branch Regions 4 Pre-discovered Areas 1 | . . . . . . . . . . 1 . . Known Exits Taken 1 | . . . . . . . . . . . 1 . Unknown Exits Taken 11 | 1 1 1 1 1 1 1 1 1 1 1 . . Scrap Searched 5 | . . . . . . . . 1 2 . 2 . Spaces Dug 19 | . . . . . . 19 . . . . . . Terrain Destroyed 596 | . . 9 31 7 111 91 10 33 15 80 74 135 Melee . | . . . . . . . . . . . . . Projectile 68 | . . 2 . . 1 . 9 4 15 10 21 6 AOE 526 | . . 7 31 7 110 90 . 29 . 70 53 129 Terrain Rammed . | . . . . . . . . . . . . . Walls Destroyed . | . . . . . . . . . . . . . Machines Disabled . | . . . . . . . . . . . . . Actions | -11 -10 -9 -8 -7 -6 -5 -4 -4 -4 -4 -3 -3 --------- Run | Yrd Mat Mat Mat Fac Fac Fac Fac Upp Upp War Pro Res Total 5227 | 1 262 448 356 737 453 379 329 318 324 805 491 324 Wait 125 | . 6 5 4 51 2 2 25 1 1 16 3 9 Move 4300 | 1 218 332 237 554 370 332 250 289 299 739 456 223 Hop 2 | . . . . . . . . . . . . 2 Pick Up 102 | . 5 30 13 18 11 4 4 . . 9 2 6 Fast Attach 57 | . 9 4 9 7 3 5 1 . . 2 4 13 Attach 38 | . 3 2 4 3 6 1 3 . . 3 4 9 Detach 17 | . . 2 . 3 3 . . . . . 3 6 Swap 99 | . 1 10 15 18 15 15 7 2 2 11 3 . Drop 116 | . 3 27 12 29 10 7 6 . . 13 . 9 Fire 313 | . 16 26 61 51 29 11 28 9 21 10 14 37 Melee . | . . . . . . . . . . . . . Ram . | . . . . . . . . . . . . . Kick 2 | . 1 . 1 . . . . . . . . . Crush 30 | . . 10 . 3 4 2 5 1 1 1 1 2 Escape Stasis 9 | . . . . . . . . . . 1 . 8 Rewire 17 | . . . . . . . . 16 . . 1 . Trap . | . . . . . . . . . . . . . Miscellaneous . | . . . . . . . . . . . . . Route ------- -11/Scrapyard -10/Materials (discovered 3 exits: *Mat x2 / [*Min]) -9/Materials -8/Materials -7/Factory -6/Factory -5/Factory -4/Factory -4/Upper Caves -4/Upper Caves -4/Warlord -3/Proximity Caves -3/Research History --------- Turn | Location | Event 1 | -11/Scrapyard | Discovered new exit (range 1) 3 | -11/Scrapyard | Entered Materials 135 | -10/Materials | Discovered new exit (range 9) 162 | -10/Materials | Discovered new exit (range 11) 316 | -10/Materials | Build established: Mutant 340 | -10/Materials | Discovered new exit (range 12) 386 | -10/Materials | Entered another Materials area 386 | -9/Materials | Evolved 2 slots: Utility x1, Weapon x1 711 | -9/Materials | Build established: Tank 1292 | -9/Materials | Discovered new exit (range 11) 1319 | -9/Materials | Entered another Materials area 1319 | -8/Materials | Evolved 2 slots: Propulsion x1, Utility x1 1640 | -8/Materials | Garrison activated, responded to threat 1916 | -8/Materials | Discovered new exit (range 16) 1965 | -8/Materials | Lost 3 parts (1n2u) 2097 | -8/Materials | Entered Factory 2097 | -7/Factory | Evolved 2 slots: Weapon x2 2305 | -7/Factory | Build established: Scavenger-Gunner 2423 | -7/Factory | Fabricated Hvy. Ion Engine (x1) 2428 | -7/Factory | Found Prototype Launcher 2428 | -7/Factory | Identified Rocket Array 2442 | -7/Factory | Found Faulty Rocket Array 2445 | -7/Factory | Found Rocket Array 2452 | -7/Factory | Found Rocket Array 2456 | -7/Factory | Found Rocket Array 2719 | -7/Factory | Build established: Gunner 3136 | -7/Factory | Cargo convoy interrupted 3152 | -7/Factory | Discovered new exit (range 5) 3233 | -7/Factory | Entered another Factory area 3233 | -6/Factory | Evolved 2 slots: Utility x2 3455 | -6/Factory | Garrison activated, responded to threat 3909 | -6/Factory | Discovered new exit (range 8) 3933 | -6/Factory | First assault squad dispatched 3972 | -6/Factory | Entered another Factory area 3972 | -5/Factory | Evolved 2 slots: Propulsion x1, Utility x1 4582 | -5/Factory | Discovered new exit (range 13) 4605 | -5/Factory | Entered another Factory area 4605 | -4/Factory | Evolved 2 slots: Power x1, Utility x1 4727 | -4/Factory | Discovered new exit (range 6) 4807 | -4/Factory | Destroyed 8 combat bots 5004 | -4/Factory | Found Prototype Launcher 5004 | -4/Factory | Identified Com. Tesla Bomb Launcher 5090 | -4/Factory | Fabricated Hvy. Siege Treads (x1) 5162 | -4/Factory | Entered Upper Caves 5340 | -4/Upper Caves | Attracted the attention of an 0b10 outpost 5374 | -4/Upper Caves | Destroyed 9 combat bots 5650 | -4/Upper Caves | Discovered new exit (range 16) 5675 | -4/Upper Caves | Learned location of 1 exit from Proximity Caves 5706 | -4/Upper Caves | Entered another Upper Caves area 5706 | -4/Upper Caves | Accompanied by 2 allies 6213 | -4/Upper Caves | Attracted the attention of an 0b10 checkpoint 6283 | -4/Upper Caves | Discovered new exit (range 4) 6289 | -4/Upper Caves | Entered Warlord 6686 | -4/Warlord | Visited the Vortex Lab 6698 | -4/Warlord | Warlord's base attacked by MAIN.C 6703 | -4/Warlord | Found Prototype Energy Gun 6706 | -4/Warlord | Found Prototype Energy Gun 6706 | -4/Warlord | Identified Vortex Rail (x2) 7019 | -4/Warlord | Met Warlord 7048 | -4/Warlord | Warlord forces counterattacked 7112 | -4/Warlord | Learned location of Testing (-3) 7112 | -4/Warlord | Learned Quarantine stockpile data 7114 | -4/Warlord | Learned 4 Quarantine zone layouts 7115 | -4/Warlord | Learned Factory scanalyzer intel 7115 | -4/Warlord | Learned Armory garrison access intel 7115 | -4/Warlord | Learned Research terminal intel 7197 | -4/Warlord | Found Prototype Special Weapon 7197 | -4/Warlord | Identified RU-N14's Throwing Claymores v3 7203 | -4/Warlord | Found RU-N14's Throwing Claymores v3 7214 | -4/Warlord | Found RU-N14's Throwing Claymores v3 7216 | -4/Warlord | Found RU-N14's Throwing Claymores v3 7373 | -4/Warlord | Warlord base infiltrated, sounded retreat 7492 | -4/Warlord | Found Prototype Launcher 7515 | -4/Warlord | Spotted Striker 7515 | -4/Warlord | Spotted Striker 7520 | -4/Warlord | Discovered new exit (range 15) 7536 | -4/Warlord | Destroyed Striker 7539 | -4/Warlord | Destroyed Striker 7567 | -4/Warlord | Destroyed 10 combat bots 7595 | -4/Warlord | Crushed by falling debris 7600 | -4/Warlord | Identified Chain Missile Launcher 7601 | -4/Warlord | Spotted B-86 Titan 7601 | -4/Warlord | Spotted B-90 Cyclops 7607 | -4/Warlord | Destroyed B-86 Titan 7619 | -4/Warlord | Entered Proximity Caves 7620 | -3/Proximity Caves | Identified exit to Research 7630 | -3/Proximity Caves | Lost 3 parts (1u2w) 7639 | -3/Proximity Caves | Encountered an infested base 8224 | -3/Proximity Caves | Build established: Derelict-Gunner 8765 | -3/Proximity Caves | Entered Research 8765 | -3/Research | Evolved 2 slots: Propulsion x1, Utility x1 8766 | -3/Research | Loaded intel: 20 terminal locations 8809 | -3/Research | Garrison activated, responded to threat 8895 | -3/Research | Destroyed 10 combat bots 9073 | -3/Research | Destroyed 10 combat bots 9077 | -3/Research | Core integrity fell below 50% 9120 | -3/Research | Core integrity fell below 20% 9157 | -3/Research | Found Prototype Protection 9157 | -3/Research | Identified Centrium Heavy Armor Plating 9162 | -3/Research | Destroyed by G-67 Veteran with Field Laser Last Messages --------------- 09133_ Field strength at 86. 09134_ Field strength at 75. 09135_ Identified Imp. Matter Neutralizer. 09138_ Field strength at 62. 09139_ Propulsion Shielding destroyed. 09139_ Q-thruster destroyed. 09139_ Field strength at 46. 09140_ Field strength at 34. 09141_ Field strength at 28. 09142_ Field strength at 16. 09143_ Field strength at 6. 09144_ Stasis field depleted. 09145_ Imp. Gyrokinetic Inverter destroyed. 09153_ ALERT: Potential suspicious activity detected, Programmers report to Research Zone 3Q. 09157_ Acquired Prototype Protection. 09157_ Identified Centrium Heavy Armor Plating. 09158_ Dropped Centrium Heavy Armor Plating. 09162_ Penetrated by Slug. 09162_ Slug penetrates Wall. Map ----- +----------------------------------------------------+ | ?????????????????????????????????????????????????? | | ?????????????????????????????????????????????????? | | ?????????????????????????????????????????????????? | | ?????????????????????????????????????????????????? | | ????????? ???????????????????????????????????????? | | ???????? ?????????????????????????????????????? | | ???????? #??????????????????????""????????????? | | ???????? #??????????????????????""????????????? | | ???????? #??????????????????????""????????????? | | ???????# #???????"??????????????T?????????????? | | ???????# #??????""??????????????""????????????? | | ???????# +??????""??????????????""????????????? | | ???????+ #??????""??????????????""????????????? | | ???????# #??????""????????????????????????????? | | ???????# #??????T"????????????????????????????? | | ######## #??????""#######?????????????????????? | | #??????""# ??????????????????????? | | #??????""# ??????????????????????? | | +??????""# ??????????????????????? | | #???????"# ??????????????????????? | | ######## #????????# #????????##+#??????????? | | ???????# #????????# #?????? ?????????? | | ???????# ########## #???? ?????????? | | ???????# h h #?? #????????? | | ???????# # !!= ! #????????? | | ???????# @/ !== #????????? | | ???????# h g # != = +????????? | | ???????# ######+#####;######???????????? | | ???????# ] ## #?????????????? | | ######## """ ## #?????????????? | | """ + """ ## #?????????????? | | """ # """ ## #?????????????? | | """ # / #?????????????? | | ?# # ! #?????????????? | | ?# ########+#######?????????????? | | ??# """ #??????????????????? | | ??# """ #??????????????????? | | ???# """ #??????????????????? | | ???# +??????????????????? | | ###????# #????????????????T?? | | ???????# #??????????????????? | | ???????################### #??????????????????? | | ?????????????????????????# ?????????????????? | | ?????????????????????????# ???????????????? | | ?????????????????????????# ??????????????? | | ?????????????????????????# ?????????????? | | ?????????????????????????##########??????????????? | | ?????????????????????????????????????????????????? | | ?????????????????????????????????????????????????? | | ?????????????????????????????????????????????????? | +----------------------------------------------------+ Best States ------------- Heat Dissipation 65 Energy Generation 32 Energy Capacity 1500 Matter Stores 300 Matter Capacity 300 Sight Range 16 Terrain Scan Density 10 Armor Coverage 450 Resistance: TH 25 Propulsion Shielding 33 Weapon Cycling 25 Evasion (%) 62 Targeting Accuracy 24 Core Analysis 6 Recoil Reduction 5 Kinecelleration 40 Salvage Targeting 2 Offensive Hacking 10 Item Schematics ----------------- System Restoration Module | -8/Materials | Scanalyzed Hvy. Ion Engine | -8/Materials | Extracted Lrg. Storage Unit | -8/Materials | Extracted Hvy. Siege Treads | -5/Factory | Hacked Robot Schematics ------------------ None Fabricated ------------ Hvy. Ion Engine | x1 | -7/Factory Hvy. Siege Treads | x1 | -4/Factory Repaired ---------- Nothing Alien Tech Used ----------------- None Achievements -------------- None Challenges ------------ None Game ------ Seed InsulationArmorBuckler Manual? 0 Play Time 00:49:45 Cumulative 1158.2 hours Start 2025.08.02 @ 12:29:54 End 2025.08.02 @ 13:18:38 Sessions 1 Manual Loads 0 Difficulty Rogue Special Mode None Game No. 1427 Rogue 1143 Adventurer 124 Explorer 160 Win Type - Total 52 Types 38/0/8/4/1/0/0/1/0/0 Lore% 92 Gallery% 88 Achievement% 81 Wizard Run 0 Options --------- Layout 0 ASCII 0 Keyboard 1 Movement Numpad Keybinds 0 Fullscreen 2 Font 18/X11 Map View 76x50 Zoom Use 0% Tactical HUD 1 Map Filters NONE Filters NONE Steam 1 RUN: c8a799d8-a266-4344-acb6-1f5f98047116